 Dungeon Crawl Stone Soup version 0.30-a0-845-g7c6808c8ce (webtiles) character file.

Game seed: 4302481849721513369

7 lunkers the Slasher (level 2, -1/24 HPs)
             Began as a Meteoran Gladiator on Mar 2, 2023.
             Slain by a quokka (2 damage)
             ... on level 1 of the Dungeon.
             The game lasted 00:00:21 (137 turns).

lunkers the Slasher (Meteoran Gladiator)             Turns: 137, Time: 00:00:21

Health: -1/24      AC:  4    Str: 15    XL:     2   Next: 17%
Magic:  3/3        EV: 13    Int:  9    God:
Gold:   12         SH:  0    Dex: 15    Spells: 1/1 levels left

rFire   . . .      SeeInvis .    a - +0 long sword
rCold   . . .      Faith    .    (no shield)
rNeg    . . .      Spirit   .    b - +0 leather armour
rPois   .          Reflect  .    c - +0 helmet
rElec   .          Rampage  .    (no cloak)
rCorr   .                        (no gloves)
Will    .....                    (no boots)
Stlth   +                        (no amulet)
HPRegen 0.24/turn                (no ring)
MPRegen 0.08/turn                (no ring)

@: glowing
A: sense surroundings 1, otherworldly, glowing, explore regen
a: no special abilities


You were on level 1 of the Dungeon.
You visited 1 branch of the dungeon, and saw 1 of its levels.

You collected 12 gold pieces.

Inventory:

Hand Weapons
 a - a +0 long sword (weapon)
Missiles
 d - 3 throwing nets
 e - a javelin
Armour
 b - a +0 leather armour (worn)
 c - a +0 helmet (worn)
Scrolls
 f - a scroll of identify {unknown}
Potions
 g - a potion of berserk rage {unknown}


   Skills:
 - Level 2.1 Fighting
 + Level 4.2 Long Blades
 - Level 2.4 Throwing
 - Level 3.6 Dodging


You had one spell level left.
You didn't know any spells.
Your spell library was empty.

Dungeon Overview and Level Annotations

Branches:
Dungeon (1/15) Zot: 455

Altars:


Innate Abilities, Weirdness & Mutations

You passively map a small area around you.
You are easily found by Zot.
You glow in the dark.
You regain HP and MP as you explore.


Message History

The hobgoblin closely misses you. The quokka closely misses you.
You hit the quokka.
The quokka is lightly wounded.
The hobgoblin misses you. The quokka bites you. The hobgoblin hits you.
* * * LOW HITPOINT WARNING * * *
You barely miss the quokka. You punch the quokka, but do no damage.
The quokka is lightly wounded.
The quokka bites you.
* * * LOW HITPOINT WARNING * * *
The hobgoblin hits you but does no damage.
The quokka closely misses you.
You completely miss the hobgoblin.
The quokka bites you but does no damage.
The hobgoblin hits you.
* * * LOW HITPOINT WARNING * * *
Unknown command.
You completely miss the hobgoblin. The quokka misses you.
The hobgoblin hits you.
* * * LOW HITPOINT WARNING * * *
The quokka bites you.
* * * LOW HITPOINT WARNING * * *
You slash the hobgoblin!
You kill the hobgoblin!
The quokka bites you.
* * * LOW HITPOINT WARNING * * *
Unknown command.
You barely miss the quokka.
The quokka is lightly wounded.
The quokka bites you but does no damage. x2
You miss the quokka.
The quokka is lightly wounded.
The quokka closely misses you.
You barely miss the quokka.
The quokka is lightly wounded.
The quokka bites you.
* * * LOW HITPOINT WARNING * * *
You hit the quokka but do no damage.
The quokka is lightly wounded.
The quokka bites you.
You die...

, *..## * ###
....... ... ,
#..
.......#####...,
,,#.# *
..........#....
, #.#
##..........###
* **#.# , ,
...........# #.#
,#.......#* #)#
#...†...# #.#
.#...r@..# #.#
......†...# #.#
#(........## #.#
,#>.........#
#.#
,###........#
#.# #........#
#.# #........#
#.# ########.#
#.# #.# #.#


You could see a quokka.

Vanquished Creatures
  A dart slug (D:1)
  A ball python (D:1)
  A hobgoblin (D:1)
  A kobold (D:1)
4 creatures vanquished.

Notes
Turn   | Place    | Note
-------+----------+-------------------------------------------
     0 | D:1      | lunkers the Meteoran Gladiator began the quest for the Orb.
     0 | D:1      | Reached XP level 1. HP: 17/17 MP: 2/2
   118 | D:1      | Reached skill level 4 in Long Blades
   128 | D:1      | Reached XP level 2. HP: 15/24 MP: 3/3
   133 | D:1      | HP: 1/24 [quokka (2)]
   137 | D:1      | Slain by a quokka

Illustrated notes

Levels and vault maps discovered:
D:1:      ncdulo_watergridlock, layout_basic, serial_shops, shop

Skill      XL: |  1 |
---------------+----+-----
Long Blades    | 4 |  4.2
Fighting       | |  2.1
Throwing       | |  2.4
Dodging        | |  3.6

Action                     || total
---------------------------++-------
  Melee: Long sword        ||    28
         Punch             ||     1
 Armour: Leather armour    ||    14
  Dodge: Dodged            ||    19

Table legend: (Time is in decaauts)
 A = Elapsed time spent in this place.
 B = Non-inter-level travel time spent in this place.
 C = Inter-level travel time spent in this place.
 D = Time resting spent in this place.
 E = Time spent auto-exploring this place.
 F = Levels seen in this place.
 G = Mean time per level.
                   A        B        C        D        E       F      G
               +--------+--------+--------+--------+--------+-----+--------+
         Total |    143 |    143 |      0 |      0 |     93 |   1 |  143.0 |
       Dungeon |    143 |    143 |      0 |      0 |     93 |   1 |  143.0 |
               +--------+--------+--------+--------+--------+-----+--------+

Top non-repeatable levels by time:
     D:1: 143 daAuts
